 Dungeon Crawl Stone Soup version 0.14-a0-2632-gd2f732a (webtiles) character file.

296 Neoxx the Cudgeler (level 5, -1/38 HPs)
             Began as a Demonspawn Wanderer on Feb 16, 2014.
             Killed from afar by an orc wizard (3 damage)
             ... with a magic dart
             ... on Level 5 of the Dungeon.
             The game lasted 00:16:58 (4000 turns).

Neoxx the Cudgeler (Demonspawn Wanderer)            Turns: 4000, Time: 00:16:58

HP  -1/38        AC 11     Str 13      XL: 5   Next: 64%
MP  10/10        EV  4     Int 14      God:
Gold 76          SH  7     Dex 11 (12) Spells:  2 memorised,  6 levels left

rFire  . . .     SeeInvis .     a - +0,+1 short sword (speed) (curse)
rCold  . . .     Clarity  .     z - +0 orc chain mail
rNeg   . . .     Conserve .     C - +0 buckler
rPois  .         rCorr    .     (no helmet)
rElec  .         rRot     .     (no cloak)
SustAb + .       Spirit   .     c - +1 pair of gloves
rMut   .         Warding  .     (no boots)
Gourm  +         Stasis   .     y - amulet of the gourmand
MR     .....                    H - ring of regeneration
                                o - cursed ring of sustain abilities

@: slowed, very slow, not resistant to hostile enchantments, extremely
unstealthy
A: molten scales 1
a: no special abilities


You were on level 5 of the Dungeon.
You were hungry.

You visited 1 branch of the dungeon, and saw 5 of its levels.

You collected 76 gold pieces.

Inventory:

Hand weapons
 a - a cursed +0,+1 short sword of speed (weapon)
 u - a -1,+0 orcish whip
 A - a +1,+0 elven whip
Missiles
 f - 3 poisoned darts (quivered)
 h - 14 stones
 v - 37 darts
 w - 7 tomahawks
Armour
 c - a +1 pair of gloves (worn)
 n - a +0 shield
 z - a +0 orcish chain mail (worn)
 C - a +0 buckler (worn)
Comestibles
 d - 4 bread rations
 p - a choko
 r - a rotting chunk of hobgoblin flesh
 B - an apple
 D - 2 rotting chunks of hobgoblin flesh
 F - 2 rotting chunks of goblin flesh
 G - a chunk of jackal flesh
Scrolls
 g - 5 scrolls of identify
 k - 2 scrolls of remove curse
 t - a scroll of noise
 x - a scroll of enchant weapon II
Jewellery
 o - a cursed ring of sustain abilities (left hand)
 y - an amulet of the gourmand (around neck)
 H - a ring of regeneration (right hand)
Potions
 j - a potion of paralysis
 q - a potion of curing
Books
 e - a book of Minor Magic

   Spells                             Type                      Level
   *Magic Dart                        Conjuration                  1
   Blink                              Translocation                2
   Call Imp                           Summoning                    2
   Repel Missiles                     Charms/Air                   2
   Slow                               Hexes                        2
   Conjure Flame                      Conjuration/Fire             3
   Mephitic Cloud                     Conjuration/Poison/Air       3


   Skills:
 + Level 2.0 Fighting
   Level 2.6 Axes
 * Level 4.2 Maces & Flails
 + Level 1.5 Armour
 + Level 1.4 Shields
 - Level 2.0 Spellcasting
 - Level 1.7 Translocations
   Level 1.0 Ice Magic
   Level 1.2 Invocations
   Level 1.0 Evocations


You had 6 spell levels left.
You knew the following spells:

 Your Spells              Type           Power        Failure   Level  Hunger
a - Apportation           Tloc           #.........   100%        1    ##.....
b - Magic Dart            Conj           #...         100%        1    ##.....


Dungeon Overview and Level Annotations

Branches:
Dungeon (5/16)
 Temple: D:4-7

Altars:

Annotations:
D:4 Grinder
D:5 Menkaure


Innate Abilities, Weirdness & Mutations

You are partially covered in molten scales (AC +1).


Message History

The orc wizard points at you and mumbles some strange words.
The magic dart hits you!
* * * LOW HITPOINT WARNING * * *
The orc wizard hits you but does no damage.
You block the bat's attack.
The orc wizard hits you but does no damage.
The jelly hits you but does no damage.
Found 19 darts.
The orc wizard is no longer moving quickly.
The bat hits you but does no damage.
The orc wizard casts a spell.
The orc wizard seems to speed up.
The orc wizard becomes somewhat translucent.
The orc wizard points at you and mumbles some strange words.
The magic dart hits you! The bat barely misses you.
The orc wizard is no longer moving quickly.
The bat hits you but does no damage.
The orc wizard gestures at you while chanting.
The magic dart hits you!
You die...

.....................
.....................
.....§≈§≈≈≈...........
.....≈≈≈≈≈≈...........≈
.....≈≈§§§≈.......(...≈§
.....≈§≈≈§≈§.........§≈≈
.....≈§≈§§§§..........≈≈
....o#######........§.#
.....# #....b@.....#
....o# #....oJ.!...#
....o# #...o.......#
.....# #...........#
.....######.o..o......#
..........#...........#
......o...............
.....................
....................


You could see a jelly, 3 orc wizards, an orc and a bat.

Vanquished Creatures
  A jelly (D:3)
  Natasha (twice) (D:3)
  2 adders (D:3)
  A gnoll (D:5)
  2 oozes (D:1)
  9 orcs (D:3)
  2 ball pythons
  A bat skeleton (D:3)
  9 hobgoblins
  5 jackals
  11 bats
  5 giant cockroaches
  2 giant geckos
  4 giant newts
  12 goblins
  8 kobolds
  10 rats
86 creatures vanquished.

Vanquished Creatures (others)
  A sky beast (D:5)
1 creature vanquished.

Grand Total: 87 creatures vanquished

Notes
Turn   | Place    | Note
--------------------------------------------------------------
     0 | D:1      | Neoxx, the Demonspawn Wanderer, began the quest for the Orb.
     0 | D:1      | Reached XP level 1. HP: 13/13 MP: 4/4
     2 | D:1      | Learned a level 1 spell: Magic Dart
    38 | D:1      | Reached skill level 1 in Maces & Flails
   522 | D:1      | Gained mutation: You are partially covered in molten scales (AC +1). [demonic ancestry]
   522 | D:1      | Reached XP level 2. HP: 16/19 MP: 5/5
   722 | D:1      | Reached skill level 3 in Maces & Flails
  1182 | D:2      | Reached XP level 3. HP: 21/24 MP: 7/7
  2591 | D:3      | Noticed Natasha
  2606 | D:3      | Paralysed by a potion of paralysis for 7 turns
  2626 | D:3      | Reached XP level 4. HP: 27/31 MP: 8/8
  2641 | D:3      | Killed Natasha
  2641 | D:3      | Reached skill level 1 in Fighting
  2896 | D:3      | Reached skill level 4 in Maces & Flails
  2896 | D:3      | Reached skill level 1 in Armour
  2896 | D:3      | Reached skill level 1 in Shields
  2896 | D:3      | Reached XP level 5. HP: 2/37 MP: 10/10
  3220 | D:3      | Noticed Natasha
  3229 | D:3      | Killed Natasha
  3630 | D:4      | Noticed Grinder
  3650 | D:5      | Entered Level 5 of the Dungeon
  3907 | D:5      | Noticed a sky beast
  3978 | D:5      | Noticed Menkaure
  3980 | D:5      | Killed a sky beast
  3998 | D:5      | HP: 1/38 [orc wizard/magic dart (7)]
  4000 | D:5      | Killed from afar by an orc wizard

Action                   |  1- 3 |  4- 6 || total
-------------------------+-------+-------++-------
Melee: Short sword       |   347 |   203 ||   550
       Club              |     3 |       ||     3
       Whip              |       |    20 ||    20
Throw: Stone             |     2 |     6 ||     8
       Dart              |       |     2 ||     2
  Use: Scroll            |     7 |     2 ||     9
       Potion            |     6 |     5 ||    11
